 Dungeon Crawl Stone Soup version 0.22.1-1-ga44c0e5 (webtiles) character file.

1092 sbiou the Charmwright (level 8, -2/63 HPs)
             Began as a Gnoll Skald on Oct 4, 2018.
             Slain by an orc warrior
             ... wielding a +0 glaive
              (19 damage)
             ... on level 6 of the Dungeon on Oct 5, 2018.
             The game lasted 00:25:54 (5804 turns).

sbiou the Charmwright (Gnoll Skald)                 Turns: 5804, Time: 00:25:55

Health: -2/63      AC:  9    Str: 16    XL:     8   Next: 31%
Magic:  18/25      EV: 15    Int: 16    God:    Xom [....*.]
Gold:   351        SH:  0    Dex: 19    Spells: 10/18 levels left

rFire    + . .     SeeInvis .   a - +0 spear
rCold    . . .     Gourm    .   (no shield)
rNeg     . . .     Faith    .   v - +1 ring mail {rF+}
rPois    .         Spirit   .   (no helmet)
rElec    .         Reflect  .   f - +1 cloak
rCorr    .         Harm     .   (no gloves)
MR       ++...                  (boots currently unavailable)
Stlth    ++........             (no amulet)
HPRegen  0.20/turn              c - ring of magical power
MPRegen  0.19/turn              u - ring "Avviollo" {MR++ Dex+5}

@: appendage (expiring), infused, singing
A: distributed training, fangs 1, talons 3, wild magic 2, strong nose
a: End Transformation, Renounce Religion


You were on level 6 of the Dungeon.
You worshipped Xom.
You were a beloved toy of Xom.
You were hungry.
You had grown temporary talons.
You visited 1 branch of the dungeon, and saw 6 of its levels.

You collected 351 gold pieces.

Inventory:

Hand Weapons
 a - a +0 spear (weapon)
 h - a +0 hunting sling
Missiles
 e - 11 sling bullets
 g - 169 stones (quivered)
 i - 35 poisoned needles
 k - 5 tomahawks
 q - 27 bolts
 w - 5 curare-tipped needles
Armour
 f - a +1 cloak (worn)
 v - a +1 ring mail of fire resistance (worn)
Jewellery
 c - a ring of magical power (left hand)
 n - an uncursed ring of stealth
 u - the ring "Avviollo" (right hand) {MR++ Dex+5}
   (You found it on level 5 of the Dungeon)

   [ring of dexterity]

   It affects your dexterity (+5).
   It affects your resistance to hostile enchantments.
Wands
 s - a wand of polymorph (11)
 t - a wand of iceblast (8)
Scrolls
 l - 6 scrolls of identify
 o - 4 scrolls of teleportation
 p - a scroll of magic mapping {unknown}
 r - a scroll of enchant weapon {unknown}
 x - a scroll of fear {unknown}
Potions
 b - 3 potions of brilliance
 m - a potion of magic
 z - a potion of resistance {unknown}
 A - a potion of haste
Comestibles
 d - 16 rations


   Skills:
 + Level 5.6 Fighting
 + Level 3.1 Short Blades
 + Level 3.1 Long Blades
 + Level 3.1 Axes
 + Level 3.1 Maces & Flails
 + Level 5.6 Polearms
 + Level 3.1 Staves
 + Level 3.1 Slings
 + Level 3.1 Bows
 + Level 3.1 Crossbows
 + Level 3.1 Throwing
 + Level 4.1 Armour
 + Level 5.6 Dodging
 + Level 3.1 Stealth
 + Level 3.1 Shields
 + Level 3.1 Unarmed Combat
 + Level 5.9 Spellcasting
 + Level 2.5 Conjurations
 + Level 2.5 Hexes
 + Level 6.0 Charms
 + Level 2.5 Summonings
 + Level 2.5 Necromancy
 + Level 2.5 Translocations
 + Level 2.5 Transmutations
 + Level 2.5 Fire Magic
 + Level 2.5 Ice Magic
 + Level 2.5 Air Magic
 + Level 2.5 Earth Magic
 + Level 2.5 Poison Magic
 + Level 3.4 Invocations
 + Level 3.1 Evocations


You had 10 spell levels left.
You knew the following spells:

 Your Spells              Type           Power        Failure   Level  Hunger
a - Infusion              Chrm           ####         6%          1    None
b - Song of Slaying       Chrm           #####...     9%          2    #......
c - Shroud of Golubria    Chrm/Tloc      ####......   14%         2    #......
d - Animate Skeleton      Necr           N/A          19%         1    None
e - Beastly Appendage     Tmut           ###...       19%         1    None
f - Summon Small Mammal   Summ           ###.         19%         1    None

Your spell library contained the following spells:

 Spells                   Type           Power        Failure   Level  Hunger
 Apportation              Tloc           ###...       19%         1    None
 Confusing Touch          Hex            ###...       19%         1    None
 Sticks to Snakes         Tmut           ###.....     26%         2    #......
 Regeneration             Chrm/Necr      ####......   26%         3    ##.....
 Spectral Weapon          Hex/Chrm       ####....     26%         3    ##.....
 Spider Form              Tmut/Pois      ###.......   43%         3    ##.....
 Ice Form                 Ice/Tmut       ###.....     80%         4    ####...
 Blade Hands              Tmut           ###.......   98%         5    ######.


Dungeon Overview and Level Annotations

Branches:
Dungeon (6/15)
 Temple: D:4-7

Altars:
Ashenzari
Cheibriados
Nemelex Xobeh
Sif Muna
Trog
Vehumet
Xom

Shops:
D:6 (

Annotations:
D:3 2 transporters
D:6 1 runed door


Innate Abilities, Weirdness & Mutations

Your experience applies equally to all skills.
You have very sharp teeth.
Your uncanny sense of smell can sniff out nearby items.
You have claws for feet.
Your spells are harder to cast, but more powerful.


Message History

Aim: an orc warrior, wielding a glaive and wearing a plate armour (heavily You reach to attack!
You hit the orc warrior but do no damage.
The orc warrior is heavily wounded.
The orc warrior barely misses you.
You barely miss the orc warrior. Your bite misses the orc warrior.
The orc warrior is heavily wounded.
The orc warrior hits you with a glaive!
You hit the orc warrior but do no damage.
You claw the orc warrior, but do no damage.
The orc warrior is heavily wounded.
The orc warrior hits you with a glaive!
* * * LOW HITPOINT WARNING * * *
You hit the orc warrior. You claw the orc warrior.
The orc warrior is almost dead.
Your transformation is almost over.
You barely miss the orc warrior. You claw the orc warrior.
The orc warrior is almost dead.
The orc warrior hits you with a glaive!!
You die...

.# #.# , ∆ , * *, #.# .# #.# ,,
∆ ,, , *,* #.### .# #.# * , , ,
* * ###.... .# #.# ,,*** *###*
*.###....## .# * * * #.#*
,.......... .# ,,,,, * #[#*
#.###.##.## .# * *
#.#*,#.###.##.#
.#########.#######.#* #........#
.o§oooo(((((.ooo@..##.#####.####
##########(######....$# #.####
*,* #.##### #....## * #.#
####... ** *,* #.# #### , #.# *,
#.# , #.# ,*** #.#


You could see an orc warrior, an orc priest and an orc.

Vanquished Creatures
  Sigmund (D:5)
  An ice beast (D:5)
  A phantom (D:3)
  An ogre (D:4)
  Blork the orc (D:5)
  2 crimson imps
  2 hounds (D:4)
  An orc priest (D:3)
  5 orc wizards
  An iguana (D:4)
  5 worker ants (D:4)
  An adder (D:3)
  2 shadow imps
  An ooze (D:1)
  An adder skeleton (D:5)
  5 worms
  A dart slug (D:1)
  4 leopard geckos
  7 orcs
  A ball python (D:3)
  7 bats
  5 giant cockroaches
  A goblin (D:3)
  12 hobgoblins
  4 jackals (D:4)
  3 frilled lizards
  6 kobolds
  A leopard gecko skeleton (D:5)
  4 rats
87 creatures vanquished.

Vanquished Creatures (collateral kills)
  A sky beast (D:5)
  A bullfrog (D:6)
  A crimson imp (D:5)
  A worker ant (D:6)
  A leopard gecko (D:5)
5 creatures vanquished.

Vanquished Creatures (others)
  A scorpion (D:4)
  A howler monkey (D:4)
  A worker ant (D:4)
  A leopard gecko (D:4)
  A giant cockroach (D:4)
  2 frilled lizards (D:4)
7 creatures vanquished.

Grand Total: 99 creatures vanquished

Notes
Turn   | Place    | Note
-------+----------+-------------------------------------------
     0 | D:1      | sbiou the Gnoll Skald began the quest for the Orb.
     0 | D:1      | Reached XP level 1. HP: 20/20 MP: 6/6
   232 | D:1      | Reached XP level 2. HP: 19/26 MP: 7/7
   583 | D:1      | Reached XP level 3. HP: 30/31 MP: 9/9
  1020 | D:2      | Reached skill level 5 in Spellcasting
  1620 | D:3      | Reached skill level 1 in Invocations
  1651 | D:3      | Found a deep blue altar of Sif Muna.
  1769 | D:3      | Found a transporter.
  1783 | D:3      | Found a transporter.
  1823 | D:3      | Reached skill level 1 in Short Blades
  1823 | D:3      | Reached skill level 1 in Long Blades
  1823 | D:3      | Reached skill level 1 in Axes
  1823 | D:3      | Reached skill level 1 in Maces & Flails
  1823 | D:3      | Reached skill level 1 in Staves
  1823 | D:3      | Reached skill level 1 in Slings
  1823 | D:3      | Reached skill level 1 in Bows
  1823 | D:3      | Reached skill level 1 in Crossbows
  1823 | D:3      | Reached skill level 1 in Throwing
  1823 | D:3      | Reached skill level 1 in Stealth
  1823 | D:3      | Reached skill level 1 in Shields
  1823 | D:3      | Reached skill level 1 in Unarmed Combat
  1823 | D:3      | Reached skill level 1 in Evocations
  1825 | D:3      | Found a radiant altar of Vehumet.
  1847 | D:3      | Reached XP level 4. HP: 36/38 MP: 11/11
  1898 | D:3      | Noticed a phantom
  1943 | D:3      | HP: 1/38 [phantom (7)]
  1948 | D:3      | Killed a phantom
  1948 | D:3      | Reached skill level 1 in Conjurations
  1948 | D:3      | Reached skill level 1 in Hexes
  1948 | D:3      | Reached skill level 1 in Summonings
  1948 | D:3      | Reached skill level 1 in Necromancy
  1948 | D:3      | Reached skill level 1 in Translocations
  1948 | D:3      | Reached skill level 1 in Transmutations
  1948 | D:3      | Reached skill level 1 in Fire Magic
  1948 | D:3      | Reached skill level 1 in Ice Magic
  1948 | D:3      | Reached skill level 1 in Air Magic
  1948 | D:3      | Reached skill level 1 in Earth Magic
  1948 | D:3      | Reached skill level 1 in Poison Magic
  1948 | D:3      | Reached XP level 5. HP: 2/43 MP: 12/12
  2290 | D:3      | Reached XP level 6. HP: 5/50 MP: 13/13
  3057 | D:4      | Reached skill level 5 in Fighting
  3057 | D:4      | Reached skill level 5 in Polearms
  3057 | D:4      | Reached skill level 5 in Dodging
  3326 | D:4      | Found a shimmering altar of Xom.
  3336 | D:4      | Became a worshipper of Xom of Chaos
  3414 | D:4      | XOM: harmless Air miscast
  3416 | D:4      | Reached XP level 7. HP: 21/56 MP: 15/15
  3762 | D:4      | XOM: potion effect (haste)
  4288 | D:4      | XOM: divination: magic mapping
  4319 | D:5      | Entered Level 5 of the Dungeon
  4331 | D:5      | Noticed Sigmund
  4372 | D:4      | XOM: harmless Necr miscast
  4461 | D:5      | Noticed Blork the orc
  4475 | D:5      | XOM: potion effect (brilliance)
  4476 | D:5      | XOM: cast spell 'Monstrous Menagerie'
  4487 | D:5      | Killed Blork the orc
  4490 | D:5      | Killed Sigmund
  4490 | D:5      | Reached XP level 8. HP: 51/63 MP: 16/16
  4579 | D:5      | Reached skill level 6 in Charms
  4638 | D:5      | Got a scintillating pewter ring
  4822 | D:5      | Identified the ring "Avviollo" {MR++ Dex+5} (You found it
                  | on level 5 of the Dungeon)
  4941 | D:5      | Found a shattered altar of Ashenzari.
  4942 | D:5      | Found a bloodstained altar of Trog.
  5069 | D:5      | XOM: god gift: 5 rations
  5148 | D:6      | Learned a level 2 spell: Song of Slaying
  5151 | D:6      | Learned a level 2 spell: Shroud of Golubria
  5153 | D:6      | Learned a level 1 spell: Animate Skeleton
  5155 | D:6      | Learned a level 1 spell: Beastly Appendage
  5157 | D:6      | Learned a level 1 spell: Summon Small Mammal
  5207 | D:6      | Found a sparkling altar of Nemelex Xobeh.
  5290 | D:6      | Found a snail-covered altar of Cheibriados.
  5429 | D:6      | Found a runed gate.
  5454 | D:6      | XOM: harmless Conj miscast
  5470 | D:6      | Gained mutation: Your spells are a little harder to cast,
                  | but a little more powerful. [potion of mutation]
  5470 | D:6      | Gained mutation: Your spells are harder to cast, but more
                  | powerful. [potion of mutation]
  5652 | D:6      | XOM: divination: magic mapping
  5668 | D:6      | Found Xisifire's Weapon Emporium.
  5792 | D:6      | XOM: divination: magic mapping
  5804 | D:6      | Slain by an orc warrior

Skill      XL: |  1  2  3  4  5  6  7  8 |
---------------+-------------------------+-----
Spellcasting   | 5 |  5.9
Invocations    | 1 2 3 |  3.4
Short Blades   | 1 2 3 |  3.1
Long Blades    | 1 2 3 |  3.1
Axes           | 1 2 3 |  3.1
Maces & Flails | 1 2 3 |  3.1
Staves         | 1 2 3 |  3.1
Slings         | 1 2 3 |  3.1
Bows           | 1 2 3 |  3.1
Crossbows      | 1 2 3 |  3.1
Throwing       | 1 2 3 |  3.1
Stealth        | 1 2 3 |  3.1
Shields        | 1 2 3 |  3.1
Unarmed Combat | 1 2 3 |  3.1
Evocations     | 1 2 3 |  3.1
Conjurations   | 1 2 |  2.5
Hexes          | 1 2 |  2.5
Summonings     | 1 2 |  2.5
Necromancy     | 1 2 |  2.5
Translocations | 1 2 |  2.5
Transmutations | 1 2 |  2.5
Fire Magic     | 1 2 |  2.5
Ice Magic      | 1 2 |  2.5
Air Magic      | 1 2 |  2.5
Earth Magic    | 1 2 |  2.5
Poison Magic   | 1 2 |  2.5
Armour         | 3 4 |  4.1
Fighting       | 5 |  5.6
Polearms       | 5 |  5.6
Dodging        | 5 |  5.6
Charms         | 6 |  6.0

Action                   |  1- 3 |  4- 6 |  7- 9 || total
-------------------------+-------+-------+-------++-------
Melee: Spear             |    20 |   145 |   119 ||   284
       Bite              |     9 |    26 |     9 ||    44
       Mace              |    39 |    35 |       ||    74
       Punch             |       |     3 |     1 ||     4
       Kick              |       |       |     3 ||     3
 Fire: Hunting sling     |    63 |    14 |    72 ||   149
Throw: Stone             |       |    12 |    19 ||    31
 Cast: Infusion          |       |     3 |     6 ||     9
       Summon Small Mamm |       |       |    10 ||    10
       Animate Skeleton  |       |       |     1 ||     1
       Shroud of Golubri |       |       |     1 ||     1
       Beastly Appendage |       |       |     1 ||     1
       Song of Slaying   |       |       |     1 ||     1
  Use: Potion            |     2 |     6 |     3 ||    11
       Scroll            |       |     4 |     3 ||     7
 Stab: Sleeping          |     2 |       |       ||     2
  Eat: Chunk             |     3 |     1 |     4 ||     8
       Ration            |       |     1 |     1 ||     2
Armor: Leather armour    |     4 |       |       ||     4
       Ring mail         |    38 |    44 |    23 ||   105
Dodge: Dodged            |    87 |    84 |    59 ||   230
